 Dungeon Crawl Stone Soup version 0.13-a0-1585-g6f4f798 (webtiles) character file.

752 Kae the Cudgeler (level 7, -8/60 HPs)
             Began as a Minotaur Berserker on June 12, 2013.
             Was a Priest of Trog.
             Killed from afar by Ijyb (25 damage)
             ... with a wand of cold
             ... on Level 4 of the Dungeon.
             The game lasted 00:04:04 (2784 turns).

Kae the Cudgeler (Minotaur Berserker)               Turns: 2784, Time: 00:04:04

HP  -8/60        AC  7     Str 21      XL: 7   Next: 21%
MP   2/2         EV 11     Int  4      God: Trog [***...]
Gold 135         SH  0     Dex 11 (12) Spells:  0 memorised,  6 levels left

Res.Fire  : . . .   See Invis. : .   C - +0,+1 orc hammer (crush)
Res.Cold  : . . .   Warding    : .   m - +0 ring mail
Life Prot.: . . .   Conserve   : .   (no shield)
Res.Poison: .       Res.Corr.  : .   (helmet restricted)
Res.Elec. : .       Clarity    : .   (no cloak)
Sust.Abil.: . .     Spirit.Shd : .   n - +0 pair of gauntlets
Res.Mut.  : .       Stasis     : .   (no boots)
Res.Rott. : .       Flight     : .   (no amulet)
Saprovore : . . .                    (no ring)
                                     (no ring)

@: regenerating, very resistant to hostile enchantments, extremely unstealthy
A: retaliatory headbutt, horns 2
a: Burn Spellbooks, Berserk, Trog's Hand, Renounce Religion


You were on level 4 of the Dungeon.
You worshipped Trog.
Trog was greatly pleased with you.
You were not hungry.

You visited 2 branches of the dungeon, and saw 5 of its levels.

You collected 115 gold pieces.

Inventory:

Hand weapons
 a - a +0,+0 mace
 C - a +0,+1 orcish hammer of crushing (weapon)
Armour
 b - a +0 animal skin
 m - a +0 ring mail (worn)
 n - a +0 pair of gauntlets (worn)
Magical devices
 y - a wand of slowing (4)
Comestibles
 c - 3 chunks of hobgoblin flesh
 f - 2 apples
 h - a bread ration
 k - a choko
 l - 3 meat rations
Scrolls
 e - a scroll of curse weapon
 g - 4 scrolls of remove curse
 i - a scroll of teleportation
 j - a scroll of blinking
 p - 3 scrolls of identify
Potions
 d - 2 potions of curing {unknown}
 q - 2 potions of heal wounds {unknown}
 s - a potion of restore abilities {unknown}
 u - a potion of agility {unknown}
 v - a potion of flight {unknown}
 A - a potion of speed {unknown}
 B - a potion of slowing {unknown}


   Skills:
 + Level 5.4 Fighting
 * Level 6.9 Maces & Flails
 + Level 4.8 Armour
 + Level 4.2 Dodging


You had 6 spell levels left.
You didn't know any spells.

Dungeon Overview and Level Annotations

Branches:
Dungeon (4/27)             Temple (1/1) D:4

Altars:
Cheibriados
Makhleb
Nemelex Xobeh
Trog
Vehumet

Annotations
D:4 Ijyb


Innate Abilities, Weirdness & Mutations

You reflexively headbutt those who attack you in melee.
You have a pair of horns on your head.


Message History

There are monsters nearby!
You are too injured to fight recklessly!
You are too injured to fight recklessly!
You are too injured to fight recklessly!
Unknown command.
Use which ability? (? or * to list)
Your skin crawls.
You feel resistant to hostile enchantments.
You feel slightly more hungry. Ijyb misses you.
The worker ant closely misses you.
Unknown command.
You closely miss Ijyb. The worker ant bites you. Ijyb misses you.
Unknown command.
You barely miss the worker ant.
The worker ant is severely wounded.
The worker ant bites you.
* * * LOW HITPOINT WARNING * * *
Ijyb zaps a wand.
The bolt of cold hits you!
Your fuming green potion freezes and shatters!
You die...

#...................
#.....##########....
#.....# #...#
#.....# #...#
#.....# #...#
#.....# #...#
#.....# #...#
#.....# #...#
#..@..# #...#
#..ga.# ...# #.....#
#.....# #.....#
#.....# #......
#.....## ...


You could see Ijyb and a worker ant.

Vanquished Creatures
  The ghost of Kae the Chiller, an experienced DsIE of Kikubaaqudgha (D:4)
  A quasit (D:3)
  An ogre skeleton (D:4)
  A gnoll shaman (D:3)
  A hound skeleton (D:3)
  8 adders
  4 gnolls (D:3)
  An adder skeleton (D:4)
  A giant gecko (D:1)
  10 orcs
  A ball python (D:1)
  5 goblins
  6 hobgoblins
  12 jackals
  A quokka (D:3)
  6 bats
  8 giant cockroaches
  6 giant newts
  8 kobolds
  7 rats
  A rat skeleton (D:3)
90 creatures vanquished.

Vanquished Creatures (others)
  An orc wizard (D:4)
  A hobgoblin (D:2)
2 creatures vanquished.

Grand Total: 92 creatures vanquished

Notes
Turn   | Place    | Note
--------------------------------------------------------------
     0 | D:1      | Kae, the Minotaur Berserker, began the quest for the Orb.
     0 | D:1      | Reached XP level 1. HP: 19/19 MP: 0/0
   179 | D:1      | Reached skill level 4 in Maces & Flails
   183 | D:1      | Found a bloodstained altar of Trog.
   229 | D:1      | Reached XP level 2. HP: 24/26 MP: 0/0
   630 | D:2      | Acquired Trog's second power
   863 | D:2      | Reached XP level 3. HP: 27/33 MP: 1/1
  1113 | D:2      | Reached XP level 4. HP: 29/40 MP: 1/1
  1216 | D:2      | Reached skill level 5 in Maces & Flails
  1361 | D:3      | Found a burning altar of Makhleb.
  1436 | D:3      | Reached XP level 5. HP: 46/46 MP: 1/1
  1618 | D:3      | Found a sparkling altar of Nemelex Xobeh.
  1751 | D:3      | Found a snail-covered altar of Cheibriados.
  1760 | D:3      | HP: 1/47 [gnoll/spear (3)]
  2001 | D:3      | Reached XP level 6. HP: 36/53 MP: 2/2
  2286 | D:4      | Reached skill level 6 in Maces & Flails
  2289 | D:4      | Reached skill level 5 in Fighting
  2299 | D:4      | Found a staircase to the Ecumenical Temple.
  2358 | D:4      | Noticed Kae's ghost (experienced DsIE)
  2364 | Temple   | Entered the Ecumenical Temple
  2650 | D:4      | Killed Kae's ghost
  2650 | D:4      | Reached XP level 7. HP: 60/60 MP: 2/2
  2771 | D:4      | Noticed Ijyb
  2784 | D:4      | Killed from afar by Ijyb

Action                   |  1- 3 |  4- 6 |  7- 9 || total
-------------------------+-------+-------+-------++-------
Melee: Mace              |    73 |   134 |       ||   207
       Hammer            |       |     4 |    16 ||    20
Invok: Berserk           |       |     2 |       ||     2
       Trog's Hand       |       |     1 |     1 ||     2
  Use: Scroll            |       |     9 |       ||     9
